[Event "Austria Championship Blitz 2024"]
[Site "Innsbruck"]
[Date "2024.06.01"]
[Round "6.5"]
[White "Myagmarsuren, Mandukhai"]
[Black "Hengl, Philip"]
[Result "0-1"]
[ECO "D41"]
[WhiteElo "2092"]
[BlackElo "2173"]
[Annotator "RC"]
[PlyCount "112"]
[EventDate "2024.06.01"]
[EventType "swiss"]
[EventCountry "AUT"]
[SourceTitle "playchess.com"]
[Source "ChessBase"]
[SourceQuality "1"]
[TimeControl "180+2"]

1. d4 Nf6 2. c4 e6 3. Nc3 d5 4. cxd5 Nxd5 5. e4 Nxc3 6. bxc3 c5 7. Nf3 cxd4 8. cxd4 Bb4+ 9. Bd2 Bxd2+ 10. Qxd2 O-O 11. Bc4 Nd7 12. O-O b6 13. d5 Nc5 14. dxe6 Bxe6 15. Bxe6 Nxe6 16. Rfd1 Nc5 17. Qe3 Qe7 18. e5 Rad8 19. Nd4 Qd7 20. f4 Ne6 21. Nxe6 Qxe6 22. Rf1 Rfe8 23. Qg3 Qf5 24. Rad1 g6 25. Qf3 h5 26. h3 Qc2 27. Rxd8 Rxd8 28. Rf2 Qd1+ 29. Qxd1 Rxd1+ 30. Rf1 Rd2 31. Rf2 Rd1+ 32. Rf1 Rd5 33. Rf2 Kf8 34. Rc2 a5 35. Kf2 Rd3 36. Rb2 Ra3 37. Rxb6 Rxa2+ 38. Kf3 a4 39. Ra6 Ra3+ 40. Ke4 Rg3 41. Rxa4 Rxg2 42. Ra3 h4 43. e6 Re2+ 44. Kf3 Rxe6 45. Kg4 Rf6 46. Ra4 Kg7 47. Kxh4 Rf5 48. Kg4 Rh5 49. Ra7 Rb5 50. h4 Rf5 51. Ra4 Kh6 52. Ra6 Rb5 53. Rf6 Kg7 54. Ra6 Rb3 55. Rc6 f5+ 56. Kg5 Rg3# 0-1

[Event "Austria Championship Blitz 2024"]
[Site "Innsbruck"]
[Date "2024.06.01"]
[Round "6.6"]
[White "Neuschmied, Siegfried"]
[Black "Blohberger, Felix"]
[Result "0-1"]
[ECO "C72"]
[WhiteElo "2234"]
[BlackElo "2506"]
[Annotator "TA"]
[PlyCount "50"]
[EventDate "2024.06.01"]
[EventType "swiss"]
[EventCountry "AUT"]
[SourceTitle "playchess.com"]
[Source "ChessBase"]
[SourceQuality "1"]
[TimeControl "180+2"]

1. e4 e5 2. Nf3 Nc6 3. Bb5 a6 4. Ba4 d6 5. O-O Bd7 6. Re1 (6. c3 $5) 6... g5 {[%emt 0:00:10][%cal Bg7g5,Bg5g4][%mdl 32] [#] Threatens to win with ...g4.} 7. Kh1 (7. d4 $11) 7... g4 $15 8. Ng1 h5 {[%emt 0:00:01] Black is slightly better.} 9. c3 Bh6 10. d3 (10. d4 $15) 10... Bxc1 11. Qxc1 Nge7 ({Better is} 11... f5 $17 12. f4 Qf6 13. fxe5 Nxe5 14. Bxd7+ Kxd7) 12. Nd2 Ng6 13. Nf1 h4 14. Qe3 (14. Ne3 $15) 14... Nf4 15. Ne2 Qf6 {[%emt 0:00:24] [#] White must now prevent ...h3. Black is more active.} 16. Rad1 $2 {[%emt 0:00:07] This costs White the game.} (16. Bxc6 $17 Bxc6 17. Nxf4 exf4 18. Qe2) 16... O-O-O 17. Bxc6 Bxc6 18. Nxf4 exf4 19. Qa7 (19. Qe2) 19... f3 $2 (19... h3 {Hoping for ...hxg2+.} 20. gxh3 Rxh3) 20. Nd2 (20. Qe3 $142) 20... fxg2+ $19 21. Kxg2 Rdg8 22. Qe3 d5 23. Kh1 dxe4 {[%emt 0:00:04] White is weak on the light squares} 24. Nxe4 (24. dxe4 {was the only chance.} g3 25. f3) 24... Kb8 25. Rg1 $2 (25. c4) 25... Qe6 {[%emt 0:00:07] Weighted Error Value: White=0.79/Black=0.47.  Loses game:     	White=1     	---        Mistake:       	White=7     	Black=2      Inaccurate:     	White=2     	Black=2      OK:         	White=5     	Black=8} 0-1

[Event "Austria Championship Blitz 2024"]
[Site "Innsbruck"]
[Date "2024.06.01"]
[Round "6.7"]
[White "Wohlfahrt, Herbert"]
[Black "Zanon, Magnus"]
[Result "1-0"]
[ECO "A85"]
[WhiteElo "2328"]
[BlackElo "2092"]
[Annotator "RC"]
[PlyCount "51"]
[EventDate "2024.06.01"]
[EventType "swiss"]
[EventCountry "AUT"]
[SourceTitle "playchess.com"]
[Source "ChessBase"]
[SourceQuality "1"]
[TimeControl "180+2"]

1. Nf3 f5 2. d4 Nf6 3. c4 d6 4. Nc3 g6 5. e3 Bg7 6. b4 O-O 7. Qb3 c6 8. Be2 Qe8 9. b5 h6 10. O-O Kh7 11. a4 e5 12. dxe5 dxe5 13. Ba3 Rf7 14. a5 a6 15. Bd6 axb5 16. Nxe5 Ne4 17. Nxe4 Bxe5 18. Bxe5 Qxe5 19. Nd2 Be6 20. Qc2 bxc4 21. Nxc4 Bxc4 22. Bxc4 Rd7 23. h4 Rxa5 24. Rxa5 Qxa5 25. h5 Qc5 26. Bg8+ 1-0

[Event "Austria Championship Blitz 2024"]
[Site "Innsbruck"]
[Date "2024.06.01"]
[Round "6.8"]
[White "Teuschler, Barbara"]
[Black "Lerch, Johannes"]
[Result "0-1"]
[ECO "C41"]
[WhiteElo "2040"]
[BlackElo "2208"]
[Annotator "RC"]
[PlyCount "126"]
[EventDate "2024.06.01"]
[EventType "swiss"]
[EventCountry "AUT"]
[SourceTitle "playchess.com"]
[Source "ChessBase"]
[SourceQuality "1"]
[TimeControl "180+2"]

1. e4 d6 2. d4 Nf6 3. Nc3 e5 4. Nf3 Nbd7 5. Bc4 Be7 6. O-O O-O 7. Re1 a6 8. a4 b6 9. b3 Bb7 10. dxe5 Nxe5 11. Nxe5 dxe5 12. Bb2 Bd6 13. Qf3 Qe7 14. Rad1 Rad8 15. h3 h6 16. Nd5 Nxd5 17. Bxd5 c6 18. Bc4 b5 19. axb5 axb5 20. Bf1 Bc8 21. c4 Bb4 22. Rxd8 Rxd8 23. Rd1 Rxd1 24. Qxd1 bxc4 25. Bxc4 Qd6 26. Qh5 Be6 27. Bxe5 Qd7 28. Qf3 Bxc4 29. bxc4 Qe6 30. Qg3 Bf8 31. c5 f6 32. Bd6 Qxe4 33. Bxf8 Kxf8 34. Qd6+ Kg8 35. f3 Qe1+ 36. Kh2 Qe5+ 37. Qxe5 fxe5 38. Kg3 Kf7 39. Kg4 Ke6 40. h4 Kd5 41. Kf5 Kxc5 42. Kg6 Kd4 43. Kxg7 c5 44. g4 c4 45. g5 hxg5 46. h5 c3 47. h6 c2 48. h7 c1=Q 49. h8=Q Qf4 50. Qd8+ Ke3 51. Qd5 Kf2 52. Kg6 g4 53. fxg4 Qxg4+ 54. Kf6 Qf4+ 55. Ke6 e4 56. Qd4+ Kf3 57. Qd1+ Kg3 58. Qg1+ Kh4 59. Qh1+ Kg4 60. Qg2+ Kh5 61. Qh1+ Kg5 62. Qg2+ Qg4+ 63. Qxg4+ Kxg4 0-1

[Event "Austria Championship Blitz 2024"]
[Site "Innsbruck"]
[Date "2024.06.01"]
[Round "6.9"]
[White "Kilgus, Georg"]
[Black "Keferboeck, Jewgeni"]
[Result "1-0"]
[ECO "B13"]
[WhiteElo "2362"]
[BlackElo "1957"]
[Annotator "RC"]
[PlyCount "65"]
[EventDate "2024.06.01"]
[EventType "swiss"]
[EventCountry "AUT"]
[SourceTitle "playchess.com"]
[Source "ChessBase"]
[SourceQuality "1"]
[TimeControl "180+2"]

1. d4 Nf6 2. Nf3 c5 3. e3 d5 4. Be2 Nc6 5. c3 cxd4 6. exd4 Bf5 7. O-O e6 8. Bf4 Bd6 9. Bxd6 Qxd6 10. Nbd2 O-O 11. Re1 Rfe8 12. Nh4 Bg6 13. Nxg6 hxg6 14. g3 e5 15. dxe5 Nxe5 16. Nb3 Rad8 17. Nd4 a6 18. a4 Nc4 19. Qc2 Re7 20. Bf3 Rde8 21. Rxe7 Rxe7 22. b3 Ne5 23. Bg2 Nc6 24. Nxc6 bxc6 25. b4 Qe5 26. Qd3 Ne4 27. Bxe4 dxe4 28. Qe3 Rd7 29. Re1 f5 30. f3 Rd3 31. Qxd3 Qxg3+ 32. hxg3 exd3 33. Rd1 1-0

[Event "Austria Championship Blitz 2024"]
[Site "Innsbruck"]
[Date "2024.06.01"]
[Round "6.10"]
[White "Gschiel, Alexander"]
[Black "Kranzl, Peter"]
[Result "1-0"]
[ECO "A58"]
[WhiteElo "2355"]
[BlackElo "2157"]
[Annotator "RC"]
[PlyCount "159"]
[EventDate "2024.06.01"]
[EventType "swiss"]
[EventCountry "AUT"]
[SourceTitle "playchess.com"]
[Source "ChessBase"]
[SourceQuality "1"]
[TimeControl "180+2"]

1. d4 Nf6 2. c4 c5 3. d5 b5 4. cxb5 a6 5. bxa6 g6 6. Nc3 Bg7 7. e4 O-O 8. Nf3 d6 9. Be2 Qa5 10. O-O Bxa6 11. a4 Nfd7 12. Nd2 Ne5 13. f4 Nd3 14. Bxd3 Bxd3 15. Nb3 Qa6 16. Rf3 Bxc3 17. Qxd3 Qxd3 18. Rxd3 Bf6 19. Nd2 Na6 20. Nc4 Nb4 21. Rd1 Bd4+ 22. Kf1 Rfb8 23. a5 f5 24. e5 dxe5 25. fxe5 Nxd5 26. Ra3 Kf7 27. Ke2 Ke6 28. a6 Rb4 29. Kd3 Nc7 30. Bd2 Rb5 31. Rda1 Kd5 32. Be3 Bxe3 33. Nxe3+ Kxe5 34. Nc4+ Kd5 35. Re1 e6 36. Re5+ Kc6 37. Re1 Kd5 38. Re5+ Kc6 39. Re1 Ra7 40. Kc3 Nd5+ 41. Kd3 Nc7 42. Kc3 Kd7 43. Kd3 Kc6 44. Kc3 Rb4 45. Kd3 Kd7 46. Ne5+ Kd6 47. Nc4+ Kd5 48. Re5+ Kc6 49. Re1 Kb5 50. Nd6+ Kc6 51. Nc4 Ra8 52. Ra5 Rb3+ 53. Kc2 Rb5 54. Ra3 Kd7 55. Ne5+ Ke7 56. Kc3 Rxa6 57. Rxa6 Nxa6 58. Ra1 Nb4 59. Ra7+ Kf6 60. Nd7+ Kg5 61. Nf8 e5 62. Nxh7+ Kf4 63. Nf6 Rb8 64. Rc7 Kg5 65. Rf7 e4 66. Nd7 Rc8 67. g3 Nd5+ 68. Kc4 Ne3+ 69. Kc3 Nf1 70. Ne5 Nxh2 71. Re7 Nf1 72. Re6 Nxg3 73. Rxg6+ Kf4 74. Nc4 Rd8 75. Rc6 Rd3+ 76. Kc2 Ne2 77. Rxc5 Nd4+ 78. Kc1 e3 79. Ne5 Rd2 80. Ng6+ 1-0

[Event "Austria Championship Blitz 2024"]
[Site "Innsbruck"]
[Date "2024.06.01"]
[Round "6.11"]
[White "Hatzl, Johannes"]
[Black "Schnegg, Daniel"]
[Result "0-1"]
[ECO "B06"]
[WhiteElo "2074"]
[BlackElo "2115"]
[Annotator "RC"]
[PlyCount "80"]
[EventDate "2024.06.01"]
[EventType "swiss"]
[EventCountry "AUT"]
[SourceTitle "playchess.com"]
[Source "ChessBase"]
[SourceQuality "1"]
[TimeControl "180+2"]

1. d4 d6 2. e4 g6 3. Nc3 Bg7 4. Bf4 Nd7 5. Nf3 e6 6. Qd2 b6 7. Bd3 Bb7 8. O-O Qe7 9. Bg5 Bf6 10. Rfe1 h6 11. Bxf6 Ngxf6 12. a4 e5 13. Bb5 a6 14. Bf1 g5 15. h3 Qe6 16. d5 Qe7 17. b4 Nh5 18. Ne2 Nf4 19. Nxf4 gxf4 20. c4 Rg8 21. Kh1 a5 22. b5 Nc5 23. Ra3 O-O-O 24. Nh2 Kb8 25. Be2 Nxe4 26. Qc2 Nxf2+ 27. Kg1 Qh4 28. Rf1 Nxh3+ 29. Kh1 Ng5 30. Bf3 Bc8 31. c5 dxc5 32. d6 Rxd6 33. Bc6 Rgd8 34. Qe2 Rd2 35. Qxe5 Rf2 36. Rg1 Rfd2 37. Rc3 Rd1 38. Rc1 Rxc1 39. Rxc1 Qf2 40. Be4 Qe3 0-1

[Event "Austria Championship Blitz 2024"]
[Site "Innsbruck"]
[Date "2024.06.01"]
[Round "6.12"]
[White "Erhard, Jakob"]
[Black "Blaas, Hansjoerg"]
[Result "0-1"]
[ECO "B25"]
[WhiteElo "2057"]
[BlackElo "2222"]
[Annotator "RC"]
[PlyCount "50"]
[EventDate "2024.06.01"]
[EventType "swiss"]
[EventCountry "AUT"]
[SourceTitle "playchess.com"]
[Source "ChessBase"]
[SourceQuality "1"]
[TimeControl "180+2"]

1. e4 c5 2. Nc3 Nc6 3. g3 g6 4. Bg2 Bg7 5. d3 Nf6 6. f4 d6 7. Nf3 O-O 8. h3 e6 9. O-O d5 10. e5 Nd7 11. Bd2 a6 12. a4 f6 13. exf6 Nxf6 14. Re1 Nh5 15. Kh2 Qd6 16. Ne2 e5 17. fxe5 Nxe5 18. Nxe5 Bxe5 19. Rf1 Bxg3+ 20. Kh1 Be6 21. Rxf8+ Rxf8 22. c3 Qd7 23. Ng1 Bf2 24. Bh6 Ng3+ 25. Kh2 Qc7 0-1

[Event "Austria Championship Blitz 2024"]
[Site "Innsbruck"]
[Date "2024.06.01"]
[Round "6.13"]
[White "Casagrande, Harald"]
[Black "Leonov, Leonid"]
[Result "0-1"]
[ECO "D03"]
[WhiteElo "2290"]
[BlackElo "1739"]
[Annotator "RC"]
[PlyCount "34"]
[EventDate "2024.06.01"]
[EventType "swiss"]
[EventCountry "AUT"]
[SourceTitle "playchess.com"]
[Source "ChessBase"]
[SourceQuality "1"]
[TimeControl "180+2"]

1. d4 Nf6 2. Bg5 d5 3. Nf3 Bg4 4. Ne5 Bh5 5. c4 dxc4 6. Nc3 e6 7. Nxc4 c5 8. Qa4+ Qd7 9. Bxf6 gxf6 10. Nb5 Nc6 11. dxc5 Bxc5 12. Rd1 Qe7 13. a3 O-O 14. Qc2 Rfd8 15. Rxd8+ Rxd8 16. Nc3 Nd4 17. Qe4 Bg6 0-1

[Event "Austria Championship Blitz 2024"]
[Site "Innsbruck"]
[Date "2024.06.01"]
[Round "6.14"]
[White "Cafasso, Elia"]
[Black "Khalakhan, Jurij"]
[Result "1-0"]
[ECO "B00"]
[WhiteElo "2178"]
[BlackElo "2175"]
[Annotator "RC"]
[PlyCount "80"]
[EventDate "2024.06.01"]
[EventType "swiss"]
[EventCountry "AUT"]
[SourceTitle "playchess.com"]
[Source "ChessBase"]
[SourceQuality "1"]
[TimeControl "180+2"]

1. e4 b6 2. d4 Bb7 3. Nc3 e6 4. Nf3 Bb4 5. Bd3 Nf6 6. Qe2 d5 7. e5 Ne4 8. Bd2 Nxd2 9. Nxd2 c5 10. Qg4 O-O 11. a3 Ba5 12. Nf3 g6 13. h4 cxd4 14. Nxd4 Bxc3+ 15. bxc3 Nd7 16. Qf4 Qc7 17. Nf3 f6 18. Qg4 Qxc3+ 19. Ke2 Nxe5 20. Qxe6+ Kg7 21. Nxe5 Qxe5+ 22. Qxe5 fxe5 23. f3 e4 24. fxe4 dxe4 25. Bc4 Rac8 26. Bb3 Rc3 27. Rad1 Ba6+ 28. Kd2 Rg3 29. Kc1 Rxg2 30. Rd7+ Kh6 31. h5 Rf1+ 32. Rxf1 Bxf1 33. hxg6 hxg6 34. Bd5 Rg4 35. Kd2 Bg2 36. Ke2 Bf3+ 37. Ke3 Rg2 38. c4 Re2+ 39. Kf4 Rf2 40. Bxe4 Bxe4+ 1-0

[Event "Austria Championship Blitz 2024"]
[Site "Innsbruck"]
[Date "2024.06.01"]
[Round "6.15"]
[White "Schranzhofer, Marco"]
[Black "Mira, Helene"]
[Result "0-1"]
[ECO "B07"]
[WhiteElo "1908"]
[BlackElo "2047"]
[Annotator "NA RC"]
[PlyCount "64"]
[EventDate "2024.06.01"]
[EventType "swiss"]
[EventCountry "AUT"]
[SourceTitle "playchess.com"]
[Source "ChessBase"]
[SourceQuality "1"]
[TimeControl "180+2"]

1. e4 d6 2. c3 e5 3. d4 Nc6 4. Bb5 a6 5. Bxc6+ bxc6 6. dxe5 dxe5 7. Qxd8+ Kxd8 8. Nf3 f6 9. Be3 Be6 10. b3 a5 11. Nbd2 a4 12. O-O Ba3 13. Rab1 Ne7 14. Rbd1 Kc8 15. Nb1 axb3 16. Nxa3 Rxa3 17. Bc5 Rxa2 18. Bxe7 b2 19. Rb1 Bc4 20. Rfd1 Re8 21. Bb4 Rd8 22. Re1 Bd3 23. Rxb2 Rxb2 24. h3 Kb7 25. Rd1 Rb1 26. Rxb1 Bxb1 27. Kh2 Bxe4 28. Nh4 g5 29. f3 Bd3 30. Be7 Rd7 31. Bxf6 gxh4 32. Bxe5 Rd5 0-1

[Event "Austria Championship Blitz 2024"]
[Site "Innsbruck"]
[Date "2024.06.01"]
[Round "6.16"]
[White "Stadlinger, Lea"]
[Black "Kienboeck, Benjamin"]
[Result "0-1"]
[ECO "D00"]
[WhiteElo "1912"]
[BlackElo "2187"]
[Annotator "RC"]
[PlyCount "34"]
[EventDate "2024.06.01"]
[EventType "swiss"]
[EventCountry "AUT"]
[SourceTitle "playchess.com"]
[Source "ChessBase"]
[SourceQuality "1"]
[TimeControl "180+2"]

1. d4 Nf6 2. Bf4 d5 3. e3 e6 4. Nc3 a6 5. Bd3 c5 6. dxc5 Bxc5 7. g4 Nc6 8. g5 Nd7 9. h4 b5 10. Bg3 Bb7 11. Qg4 Nce5 12. Qe2 b4 13. Na4 Ba7 14. f3 Qc7 15. Nh3 Nxd3+ 16. Qxd3 Qxg3+ 17. Ke2 Ne5 0-1

[Event "Austria Championship Blitz 2024"]
[Site "Innsbruck"]
[Date "2024.06.01"]
[Round "6.17"]
[White "Kummer, Helmut"]
[Black "Polterauer, Chiara"]
[Result "1/2-1/2"]
[ECO "D93"]
[WhiteElo "2212"]
[BlackElo "2136"]
[Annotator "RC"]
[PlyCount "91"]
[EventDate "2024.06.01"]
[EventType "swiss"]
[EventCountry "AUT"]
[SourceTitle "playchess.com"]
[Source "ChessBase"]
[SourceQuality "1"]
[TimeControl "180+2"]

1. d4 Nf6 2. c4 g6 3. Nc3 d5 4. Bf4 Bg7 5. e3 O-O 6. Nf3 c6 7. h3 Nbd7 8. Bd3 Re8 9. Bh2 dxc4 10. Bxc4 c5 11. O-O cxd4 12. Nxd4 Nb6 13. Bb3 e5 14. Ndb5 Qe7 15. Qd6 Nfd7 16. Rad1 Qxd6 17. Nxd6 Re7 18. a3 Nc5 19. Ba2 Be6 20. Bxe6 Nxe6 21. Nd5 Nxd5 22. Rxd5 Nc7 23. Rdd1 Ne8 24. Nxe8 Raxe8 25. Rd5 Rc7 26. Rfd1 f6 27. Bg3 Bf8 28. Bh4 g5 29. Bg3 Rec8 30. Rd7 Bc5 31. h4 h6 32. hxg5 hxg5 33. Kf1 Bb6 34. Ke2 Rxd7 35. Rxd7 Rc7 36. Rxc7 Bxc7 37. e4 Kf7 38. Kd3 b5 39. b3 Ke6 40. f3 Bb6 41. Be1 Kd6 42. Bb4+ Ke6 43. g4 a5 44. Bf8 Kf7 45. Bd6 Ke6 46. Bf8 1/2-1/2

[Event "Austria Championship Blitz 2024"]
[Site "Innsbruck"]
[Date "2024.06.01"]
[Round "6.18"]
[White "Guba, Viktor"]
[Black "Vrban, Damir"]
[Result "0-1"]
[ECO "C40"]
[WhiteElo "1891"]
[BlackElo "2151"]
[Annotator "RC"]
[PlyCount "66"]
[EventDate "2024.06.01"]
[EventType "swiss"]
[EventCountry "AUT"]
[SourceTitle "playchess.com"]
[Source "ChessBase"]
[SourceQuality "1"]
[TimeControl "180+2"]

1. e4 e5 2. Nf3 f5 3. Nxe5 Qf6 4. d4 Nc6 5. Nxc6 dxc6 6. e5 Qf7 7. Bd3 Be6 8. O-O O-O-O 9. c3 c5 10. Na3 cxd4 11. Nb5 dxc3 12. Nxc3 Ne7 13. Qc2 Nc6 14. Bf4 Nb4 15. Qa4 Nxd3 16. Qxa7 Nxf4 17. Qa8+ Kd7 18. Rad1+ Nd5 19. Qxb7 Ke8 20. Qc6+ Qd7 21. Qb7 c6 22. Qa6 Be7 23. b4 Qc8 24. Qxc8 Rxc8 25. Nxd5 Bxd5 26. a3 Kf7 27. Rfe1 Ke6 28. f4 Ra8 29. Re3 Ra4 30. Ra1 Rha8 31. Rg3 g6 32. Rh3 h5 33. Rg3 Kf7 0-1

[Event "Austria Championship Blitz 2024"]
[Site "Innsbruck"]
[Date "2024.06.01"]
[Round "6.19"]
[White "Horvath, Reka"]
[Black "Froewis, Annika"]
[Result "1-0"]
[ECO "A46"]
[WhiteElo "2009"]
[BlackElo "2075"]
[Annotator "NA RC"]
[PlyCount "118"]
[EventDate "2024.06.01"]
[EventType "swiss"]
[EventCountry "AUT"]
[SourceTitle "playchess.com"]
[Source "ChessBase"]
[SourceQuality "1"]
[TimeControl "180+2"]

1. Nf3 d5 2. g3 e6 3. Bg2 Nf6 4. d4 b5 5. O-O Be7 6. a4 b4 7. c3 bxc3 8. Nxc3 O-O 9. Re1 Bb7 10. Qb3 Qc8 11. Bd2 Nbd7 12. Rac1 a6 13. a5 Rb8 14. Qc2 c5 15. Na4 Ne4 16. Bf4 Ra8 17. dxc5 Nexc5 18. b4 Ne4 19. Qb2 Bc6 20. Nd4 Bxa4 21. Rxc8 Raxc8 22. Rc1 e5 23. Nf5 Rxc1+ 24. Bxc1 Bf6 25. Qa3 Bb5 26. h4 Bxe2 27. Bxe4 dxe4 28. Qe3 Bd3 29. Nd6 Be7 30. Nxe4 Bb5 31. Bd2 Rc8 32. Ng5 h6 33. Nf3 Bd6 34. Qa7 Rc7 35. Qa8+ Kh7 36. Qe4+ g6 37. h5 f5 38. hxg6+ Kxg6 39. Nh4+ Kf7 40. Qxf5+ Ke8 41. Qe6+ Be7 42. Ng6 Nf8 43. Nxf8 Kxf8 44. Bxh6+ Ke8 45. Qg8+ Kd7 46. Qd5+ Bd6 47. Bf8 Rc1+ 48. Kh2 Rc6 49. Qf7+ Kd8 50. Bxd6 Rxd6 51. Qf8+ Kd7 52. Qf7+ Kc6 53. Qe8+ Kd5 54. Qa8+ Bc6 55. Qg8+ Kd4 56. g4 Rh6+ 57. Kg3 Rf6 58. Qd8+ Ke4 59. Qxf6 Kd5 1-0

[Event "Austria Championship Blitz 2024"]
[Site "Innsbruck"]
[Date "2024.06.01"]
[Round "6.20"]
[White "Kondrak, Christoph"]
[Black "Wurzer, Gerhard"]
[Result "1-0"]
[ECO "A40"]
[WhiteElo "1972"]
[BlackElo "1894"]
[Annotator "NA RC"]
[PlyCount "63"]
[EventDate "2024.06.01"]
[EventType "swiss"]
[EventCountry "AUT"]
[SourceTitle "playchess.com"]
[Source "ChessBase"]
[SourceQuality "1"]
[TimeControl "180+2"]

1. d4 c6 2. Nf3 Qc7 3. c4 d6 4. Bf4 Nd7 5. h3 e5 6. Bh2 Ngf6 7. e3 Be7 8. Nc3 O-O 9. Be2 Ne8 10. O-O Bf6 11. Rc1 Nb8 12. b4 Qe7 13. c5 exd4 14. exd4 d5 15. Re1 g6 16. a4 Qd8 17. b5 Nd7 18. Qb3 Ng7 19. a5 Re8 20. a6 bxa6 21. bxc6 Nf8 22. Qxd5 Be6 23. Qxd8 Rexd8 24. c7 Rxd4 25. Nxd4 Bxd4 26. Bxa6 Bxc5 27. Nb5 Bb6 28. c8=Q Bxc8 29. Bxc8 Nfe6 30. Bb7 Re8 31. Rc8 Rxc8 32. Bxc8 1-0

[Event "Austria Championship Blitz 2024"]
[Site "Innsbruck"]
[Date "2024.06.01"]
[Round "6.21"]
[White "Schnegg, Anna-Lena"]
[Black "Karall, Lorenz"]
[Result "1-0"]
[ECO "E72"]
[WhiteElo "2124"]
[BlackElo "1869"]
[Annotator "RC"]
[PlyCount "163"]
[EventDate "2024.06.01"]
[EventType "swiss"]
[EventCountry "AUT"]
[SourceTitle "playchess.com"]
[Source "ChessBase"]
[SourceQuality "1"]
[TimeControl "180+2"]

1. c4 Nf6 2. Nc3 g6 3. g3 Bg7 4. Bg2 c6 5. e4 d6 6. Nge2 O-O 7. O-O Qc7 8. d4 Nbd7 9. h3 e5 10. Be3 a6 11. Kh2 Re8 12. Qd2 Nf8 13. a4 Be6 14. b3 Bd7 15. a5 Ne6 16. dxe5 dxe5 17. Bb6 Qb8 18. Rad1 Bf8 19. Na4 c5 20. Nac3 Nd4 21. Nxd4 exd4 22. Nd5 Nxd5 23. cxd5 Qd6 24. f4 f6 25. Rfe1 Rac8 26. Rc1 Bb5 27. Qf2 Qd7 28. Rc2 d3 29. Rd2 c4 30. bxc4 Bxc4 31. Rb1 Bb5 32. Bd4 Rc2 33. Bxf6 Rec8 34. Rbd1 Bb4 35. Rxc2 Rxc2 36. Qd4 Bc3 37. Qxc3 Rxc3 38. Bxc3 Qc7 39. Bd4 Qc2 40. Rg1 d2 41. Bf3 Bd3 42. Bd1 Qc4 43. Be5 Qxe4 44. Rg2 Bf1 45. Rxd2 Kf7 46. d6 Bb5 47. Bb3+ Ke8 48. Bd5 Qe1 49. Bc3 Qc1 50. Bb4 Kd7 51. Bf3 Qf1 52. Bg4+ Kd8 53. Rc2 Bd7 54. Bxd7 Kxd7 55. Rc7+ Kd8 56. Rc2 Qd1 57. Rf2 Kd7 58. Rg2 Qd4 59. Ba3 Qa4 60. Bb2 Qxa5 61. Be5 Qd5 62. h4 b5 63. Rc2 b4 64. Rc7+ Kd8 65. Bf6+ Ke8 66. d7+ Qxd7 67. Rxd7 Kxd7 68. Kg2 Kc6 69. Kf2 Kd5 70. Ke2 Kc4 71. Kd2 b3 72. g4 a5 73. Kc1 a4 74. Kb2 Kb4 75. Be7+ Kc4 76. f5 gxf5 77. gxf5 h5 78. f6 Kd5 79. f7 Ke6 80. f8=Q Kd7 81. Qd8+ Ke6 82. Qd6+ 1-0

[Event "Austria Championship Blitz 2024"]
[Site "Innsbruck"]
[Date "2024.06.01"]
[Round "6.22"]
[White "Wimmer, Michael"]
[Black "Wolfgang, Valentin"]
[Result "1-0"]
[ECO "B03"]
[WhiteElo "2142"]
[BlackElo "1866"]
[Annotator "RC"]
[PlyCount "43"]
[EventDate "2024.06.01"]
[EventType "swiss"]
[EventCountry "AUT"]
[SourceTitle "playchess.com"]
[Source "ChessBase"]
[SourceQuality "1"]
[TimeControl "180+2"]

1. e4 Nf6 2. e5 Nd5 3. c4 Nb6 4. d4 d6 5. exd6 exd6 6. Nc3 Be7 7. Be3 O-O 8. Rc1 Re8 9. Be2 Nc6 10. Nf3 Bg4 11. d5 Bxf3 12. Bxf3 Ne5 13. b3 Nxf3+ 14. Qxf3 Bg5 15. O-O Bxe3 16. fxe3 Qd7 17. e4 Re7 18. Rce1 Rae8 19. a4 f5 20. Qxf5 Qxf5 21. Rxf5 Rxe4 22. Rxe4 1-0

[Event "Austria Championship Blitz 2024"]
[Site "Innsbruck"]
[Date "2024.06.01"]
[Round "6.23"]
[White "Falkensteiner, Benjamin"]
[Black "Schwarz, Benedikt"]
[Result "0-1"]
[ECO "C11"]
[WhiteElo "1905"]
[BlackElo "1919"]
[Annotator "NA RC"]
[PlyCount "78"]
[EventDate "2024.06.01"]
[EventType "swiss"]
[EventCountry "AUT"]
[SourceTitle "playchess.com"]
[Source "ChessBase"]
[SourceQuality "1"]
[TimeControl "180+2"]

1. e4 e6 2. Nf3 d5 3. Nc3 Nf6 4. e5 Nfd7 5. d4 c5 6. dxc5 Bxc5 7. Bd3 Nc6 8. Bf4 a6 9. O-O b5 10. a3 h6 11. h3 O-O 12. Qd2 Bb7 13. Bxh6 Ncxe5 14. Nxe5 Nxe5 15. Bf4 Nxd3 16. Qxd3 Qf6 17. Be3 Bxe3 18. fxe3 Qg5 19. Rf2 Rac8 20. Qe2 Rc4 21. Raf1 f6 22. Qd3 Bc6 23. b3 Rh4 24. Kh2 Be8 25. Ne2 Qe5+ 26. Kh1 Rh6 27. Nf4 g5 28. Ne2 Bg6 29. Qd2 g4 30. Ng1 gxh3 31. Nxh3 Bf5 32. Rf3 Kg7 33. Qf2 Rfh8 34. Rg3+ Kf7 35. Qf3 Be4 36. Qg4 Rg6 37. Qe2 Rxg3 38. Kg1 Bxg2 39. Qxg2 Rxg2+ 0-1

[Event "Austria Championship Blitz 2024"]
[Site "Innsbruck"]
[Date "2024.06.01"]
[Round "6.24"]
[White "Gutmann, Alois"]
[Black "Hyassat, Milana"]
[Result "1-0"]
[ECO "A00"]
[WhiteElo "1985"]
[BlackElo "1761"]
[Annotator "NA RC"]
[PlyCount "78"]
[EventDate "2024.06.01"]
[EventType "swiss"]
[EventCountry "AUT"]
[SourceTitle "playchess.com"]
[Source "ChessBase"]
[SourceQuality "1"]
[TimeControl "180+2"]

1. Nc3 d5 2. e4 d4 3. Nce2 e5 4. Nf3 Nc6 5. Ng3 Nf6 6. Bb5 Bd6 7. d3 Bd7 8. O-O a6 9. Ba4 b5 10. Bb3 Na5 11. c3 Nxb3 12. axb3 c5 13. b4 O-O 14. bxc5 Bxc5 15. Nxe5 Re8 16. Nxd7 Qxd7 17. Nf5 Rad8 18. cxd4 Bxd4 19. Rxa6 Qb7 20. Rd6 Be5 21. Rxd8 Rxd8 22. Qb3 h6 23. Be3 Qb8 24. f4 Bc7 25. Ne7+ Kf8 26. Nd5 Nxd5 27. exd5 Bb6 28. Qb4+ Kg8 29. Bxb6 Qxb6+ 30. Kh1 Rxd5 31. Qe4 Qd8 32. Rd1 Rd4 33. Qf5 Rd5 34. Qe4 Rd4 35. Qe3 Kf8 36. h3 Qd6 37. Rc1 g6 38. Rc8+ Kg7 39. Qe8 g5 1-0

[Event "Austria Championship Blitz 2024"]
[Site "Innsbruck"]
[Date "2024.06.01"]
[Round "7.1"]
[White "Schwabeneder, Florian"]
[Black "Platzgummer, Fabian"]
[Result "1/2-1/2"]
[ECO "B22"]
[WhiteElo "2405"]
[BlackElo "2311"]
[Annotator "RC"]
[PlyCount "51"]
[EventDate "2024.06.01"]
[EventType "swiss"]
[EventCountry "AUT"]
[SourceTitle "playchess.com"]
[Source "ChessBase"]
[SourceQuality "1"]
[TimeControl "180+2"]

1. e4 c5 2. Nf3 a6 3. c3 d5 4. exd5 Qxd5 5. d4 Nf6 6. Be2 e6 7. O-O Nc6 8. Be3 cxd4 9. cxd4 Be7 10. Nc3 Qd6 11. a3 O-O 12. Rc1 Rd8 13. Qd2 Nd5 14. Nxd5 Qxd5 15. Bc4 Qh5 16. Qe2 Bf6 17. Rfd1 Ne7 18. h3 b5 19. Bd3 Bb7 20. Ne5 Qxe2 21. Bxe2 Nd5 22. Nd3 Nxe3 23. fxe3 Bg5 24. Kf2 Rac8 25. Nc5 Rc7 26. Nxb7 1/2-1/2